 Dungeon Crawl Stone Soup version 0.22.1-2-g9c5b331383 (webtiles) character file.

73 Jynx the Shield-Bearer (level 4, -6/29 HPs)
             Began as a Gargoyle Fighter on Dec 29, 2018.
             Killed by nerve-wracking pain
             ... invoked by an orc priest
              (7 damage)
             ... on level 3 of the Dungeon.
             The game lasted 00:02:29 (1817 turns).

Jynx the Shield-Bearer (Gargoyle Fighter)           Turns: 1817, Time: 00:02:32

Health: -6/29      AC: 11    Str: 20    XL:     4   Next: 27%
Magic:  4/4        EV: 12    Int:  8    God:
Gold:   152        SH: 10    Dex: 15    Spells: 3/3 levels left

rFire    . . .     SeeInvis .   a - +0 flail
rCold    . . .     Gourm    .   c - +0 shield
rNeg     + . .     Faith    .   b - +0 scale mail
rPois    ∞         Spirit   .   (no helmet)
rElec    +         Reflect  .   k - +0 cloak
rCorr    .         Harm     .   (no gloves)
MR       .....                  (no boots)
Stlth    +.........             (no amulet)
HPRegen  0.09/turn              (no ring)
MPRegen  0.09/turn              (no ring)

@: agile
A: negative energy resistance 1, electricity resistance, unbreathing,
petrification resistance, rot immunity, AC +3
a: no special abilities


You were on level 3 of the Dungeon.
You were very hungry.

You visited 1 branch of the dungeon, and saw 3 of its levels.

You collected 152 gold pieces.

Inventory:

Hand Weapons
 a - a +0 flail (weapon)
Armour
 b - a +0 scale mail (worn)
 c - a +0 shield (worn)
 k - a +0 cloak (worn)
Jewellery
 g - an uncursed ring of poison resistance {unknown}
 l - a cursed ring of teleportation {unknown}
Wands
 n - a wand of polymorph (11)
Scrolls
 e - 2 scrolls of enchant armour {unknown}
 j - a scroll of blinking {unknown}
 m - 2 scrolls of remove curse {unknown}
Potions
 d - a potion of might
 h - a potion of resistance {unknown}
 i - 2 potions of agility
 o - a potion of brilliance {unknown}
Comestibles
 f - 2 rations


   Skills:
 + Level 3.8 Fighting
 * Level 3.1 Maces & Flails
 + Level 3.8 Armour
 + Level 3.8 Shields


You had 3 spell levels left.
You didn't know any spells.
Your spell library was empty.

Dungeon Overview and Level Annotations

Branches:
Dungeon (3/15)

Altars:
Ashenzari


Innate Abilities, Weirdness & Mutations

You are resistant to torment.
Your stone body is resilient. (AC +3)
You are immune to poison.
You resist negative energy. (rN+)
You are resistant to electric shocks. (rElec)
You can survive without breathing.
You are immune to petrification.
You are immune to rotting.


Message History

You hit the orc priest.
The orc priest is heavily wounded.
The orc wizard points at you and mumbles some strange words.
The magic dart hits you!
* * * LOW HITPOINT WARNING * * *
The orc priest casts a cantrip, but nothing happens.
You block the orc's attack. The orc wizard casts a spell at you.
The magic dart hits you!
The orc priest calls down the wrath of Beogh upon you.
Pain shoots through your body!
* * * LOW HITPOINT WARNING * * *
It was a potion of agility.
You feel agile all of a sudden.
The orc wizard hits you but does no damage.
You block the orc's attack. The orc hits you but does no damage.
A jackal comes into view.
The orc priest calls down the wrath of Beogh upon you.
Pain shoots through your body!
You die...

#⌠.##+##.⌠#...##
#h........#....#
#.......##.##........
#...........#.#######
+..._...+...#.#
..#.......#...#..
#........###.#..
#......ooo# .....
..⌠.##+#o@⌠# .....
.## #..)####......
#.............
#.o.#......
##+.#...(.# ... .o..#
... ....# ..... ...#
....o ...#


You could see an orc priest, an orc wizard, 2 orcs and a jackal (wandering).

Vanquished Creatures
  3 adders (D:2)
  An ooze (D:3)
  A worm (D:2)
  2 dart slugs (D:1)
  A leopard gecko (D:1)
  An orc (D:3)
  A giant cockroach (D:1)
  3 goblins (D:1)
  5 hobgoblins
  A quokka (D:2)
  5 bats (D:1)
  4 frilled lizards
  6 kobolds (D:1)
  3 rats
  2 fungi (D:1)
39 creatures vanquished.

Notes
Turn   | Place    | Note
-------+----------+-------------------------------------------
     0 | D:1      | Jynx the Gargoyle Fighter began the quest for the Orb.
     0 | D:1      | Reached XP level 1. HP: 14/14 MP: 1/1
   142 | D:1      | Reached XP level 2. HP: 5/19 MP: 2/2
   807 | D:1      | Reached XP level 3. HP: 23/23 MP: 3/3
  1276 | D:2      | Reached XP level 4. HP: 21/29 MP: 4/4
  1776 | D:3      | Found a shattered altar of Ashenzari.
  1816 | D:3      | HP: 1/29 [orc priest/nerve-wracking pain (4)]
  1817 | D:3      | Killed from afar by an orc priest

Skill      XL: |  1  2  3 |
---------------+----------+-----
Maces & Flails | 3 |  3.1
Fighting       | |  3.8
Armour         | |  3.8
Shields        | |  3.8

Action                   |  1- 3 |  4- 6 || total
-------------------------+-------+-------++-------
Melee: Flail             |   127 |    35 ||   162
  Use: Potion            |       |     1 ||     1
  Eat: Chunk             |     1 |     1 ||     2
Armor: Scale mail        |    58 |    26 ||    84
Dodge: Dodged            |    35 |    17 ||    52
Block: Shield            |    57 |    36 ||    93
